 Dungeon Crawl Stone Soup version 0.29.1-15-g9cfb28693d (webtiles) character file.

Game seed: 5757422527597056212

782 LustLizard the Chucker (level 7, -5/53 HPs)
             Began as a Gnoll Wanderer on Mar 17, 2023.
             Was a Follower of Cheibriados.
             Killed by divine providence
             ... invoked by an orc priest
              (14 damage)
             ... on level 6 of the Dungeon.
             The game lasted 00:12:05 (5185 turns).

LustLizard the Chucker (Gnoll Wanderer)             Turns: 5185, Time: 00:12:06

Health: -5/53      AC: 15    Str: 18    XL:     7   Next: 86%
Magic:  11/11      EV:  7    Int: 11    God:    Cheibriados [*.....]
Gold:   266        SH:  0    Dex: 19    Spells: 11/11 levels left

rFire   . . .      SeeInvis .   J - +2 spear (venom)
rCold   + . .      Faith    .   (no shield)
rNeg    . . .      Spirit   .   C - +0 plate armour
rPois   .          Reflect  .   (no helmet)
rElec   .          Harm     .   d - +1 cloak
rCorr   +          Rampage  .   r - +0 pair of gloves of the Sufficient God {rC+ rCorr Str-5 Dex+5}
Will    .....                   (no boots)
Stlth   ..........              (no amulet)
HPRegen 0.17/turn               B - ring of wizardry
MPRegen 0.12/turn               z - +6 ring of strength

@: silenced, very slow
A: fangs 1, strong nose, distributed training
a: Renounce Religion


You were on level 6 of the Dungeon.
You worshipped Cheibriados.
Cheibriados was aware of your devotion.
You visited 2 branches of the dungeon, and saw 7 of its levels.

You collected 266 gold pieces.

Inventory:

Hand Weapons
 J - a +2 spear of venom (weapon)
Missiles
 b - 3 curare-tipped darts
 i - 19 stones (quivered)
 q - 26 poisoned darts
 G - 3 javelins
Armour
 d - a +1 cloak (worn)
 f - a +0 leather armour
 g - a +0 ring mail
 p - a +0 scale mail
 r - the +0 pair of gloves of the Sufficient God (worn) {rC+ rCorr Str-5 Dex+5}
   (You found it on level 2 of the Dungeon)

   Str:       It affects your strength (-5).
   Dex:       It affects your dexterity (+5).
   rC:        It protects you from cold.
   rCorr:     It protects you from acid and corrosion.
 A - a +0 chain mail
 C - a +0 plate armour (worn)
 I - a scarf of resistance
Jewellery
 v - a ring of resist corrosion
 z - a +6 ring of strength (right hand)
 B - a ring of wizardry (left hand)
Wands
 F - a wand of polymorph (5)
Scrolls
 c - a scroll of butterflies
 e - 2 scrolls of fear
 h - a scroll of identify
 m - a scroll of magic mapping
 o - a scroll of summoning {unknown}
 s - 2 scrolls of blinking {unknown}
 u - a scroll of poison {unknown}
 x - 3 scrolls of enchant armour
 y - a scroll of amnesia {unknown}
 D - a scroll of torment {unknown}
Potions
 a - a potion of heal wounds {unknown}
 j - a potion of haste {unknown}
 l - 7 potions of curing
 n - a potion of ambrosia {unknown}
 t - a potion of berserk rage
 w - 3 potions of attraction
 E - a potion of brilliance {unknown}


   Skills:
 + Level 3.9 Fighting
 + Level 2.8 Short Blades
 + Level 2.8 Long Blades
 + Level 2.8 Axes
 + Level 2.8 Maces & Flails
 + Level 2.8 Polearms
 + Level 2.8 Staves
 + Level 2.8 Ranged Weapons
 + Level 7.2 Throwing
 + Level 5.4 Armour
 + Level 3.9 Dodging
 + Level 3.7 Stealth
 + Level 2.8 Shields
 + Level 3.9 Unarmed Combat
 + Level 2.8 Spellcasting
 + Level 2.3 Conjurations
 + Level 2.3 Hexes
 + Level 2.3 Summonings
 + Level 2.3 Necromancy
 + Level 2.3 Translocations
 + Level 2.3 Transmutations
 + Level 2.3 Fire Magic
 + Level 2.3 Ice Magic
 + Level 2.3 Air Magic
 + Level 2.3 Earth Magic
 + Level 2.3 Poison Magic
 + Level 3.1 Invocations
 + Level 3.9 Evocations


You had 11 spell levels left.
You didn't know any spells.
Your spell library contained the following spells:

 Spells                   Type           Power      Damage    Failure   Level
 Apportation              Tloc           12%        N/A       77%         1
 Confusing Touch          Hex            6%         N/A       98%         3
 Cause Fear               Hex            3%         N/A       100%        4
 Fulminant Prism          Conj/Hex       3%         3d6       100%        4
 Iskenderun's Mystic Bla  Conj/Tloc      6%         2d4       100%        4
 Alistair's Intoxication  Tmut/Pois      4%         N/A       100%        5
 Borgnjor's Vile Clutch   Necr/Erth      3%         N/A       100%        5
 Lee's Rapid Deconstruct  Erth           3%         3d6*      100%        5
 Yara's Violent Unravell  Hex/Tmut       3%         3d4       100%        5
 Eringya's Noxious Bog    Tmut/Pois      3%         N/A       100%        6
 Dragon Form              Tmut           3%         N/A       100%        7
 Enfeeble                 Hex            3%         N/A       100%        7
 Dragon's Call            Summ           3%         N/A       100%        9


Dungeon Overview and Level Annotations

Branches:
Dungeon (6/15)             Temple (1/1) D:4

Altars:
Cheibriados
Dithmenos
Elyvilon
Fedhas
Hepliaklqana
Makhleb
Nemelex Xobeh
Qazlal
Ru
Sif Muna
Trog
Uskayaw
Vehumet
Wu Jian
Xom
Yredelemnul
Zin
The Shining One

Shops:
D:5 =


Innate Abilities, Weirdness & Mutations

You have very sharp teeth.
Your uncanny sense of smell can sniff out nearby items.
Your experience applies equally to all skills.


Message History

The orc wizard shouts!
The orc shouts! x3; You hear a shout!
Found a stone staircase leading up.
Unknown command.
The orc wizard attacks as you move away!
The orc wizard hits you with a +0 dagger.
The orc wizard points at you and mumbles some strange words.
You resist with some effort.
The orc wizard attacks as you move away!
The orc wizard barely misses you.
The orc priest calls down the wrath of Beogh upon you.
Beogh smites you!
You barely miss the orc wizard.
The orc priest begins to cast a cantrip, but forgets the words!
The orc wizard hits you but does no damage.
You hit the orc wizard.
The orc wizard is moderately wounded.
The orc priest mumbles some strange prayers to Beogh against you.
Beogh smites you!
The iguana hisses menacingly.
The orc wizard gestures at you while chanting.
The puff of flame hits you.
As you read the scroll of silence, it crumbles to dust.
A profound silence engulfs you.
The orc wizard hits you but does no damage.
The orc wizard attacks as you move away!
The orc wizard barely misses you.
The orc wizard hits you with a +0 dagger.
The orc wizard attacks as you move away!
The orc wizard barely misses you.
The orc priest invokes the aid of Beogh against you.
Beogh smites you!
* * * LOW HITPOINT WARNING * * *
The orc wizard attacks as you move away!
The orc wizard hits you but does no damage.
The orc wizard casts a spell.
The orc wizard flickers and vanishes!
Deactivating autopickup; reactivate with Ctrl-A.
The orc priest calls down the wrath of Beogh upon you.
Beogh smites you!
You die...

+##.####'#####
.......oo....#
######oo###.# #l##
#.# #{# #.# #l#
#.# #.# #.# #o#
#.# #@# #.# #.#
#.# #.# #.# #.#
#.##### #.#
#.....# #<#
#####.##
#.#######...#
#.........#......#
#########...######


You could see 2 iguanas, an orc priest, an orc wizard and 3 orcs.

Vanquished Creatures
  Edmund (D:4)
  2 black bears
  A kobold brigand (D:5)
  A necrophage (D:5)
  A gnoll sergeant (D:4)
  A scorpion (D:4)
  An orc priest (D:3)
  2 iguanas (D:5)
  4 gnolls
  5 adders
  A white imp (D:5)
  An ufetubus (D:5)
  2 worms
  2 dart slugs
  7 orcs
  4 ball pythons
  4 bats
  5 endoplasms
  A giant cockroach (D:1)
  7 goblins
  8 hobgoblins
  2 quokkas (D:3)
  4 frilled lizards
  10 kobolds
  8 rats
85 creatures vanquished.

Notes
Turn   | Place    | Note
-------+----------+-------------------------------------------
     0 | D:1      | LustLizard the Gnoll Wanderer began the quest for the Orb.
     0 | D:1      | LustLizard set off with the following items: a +2 dagger, 3
                  | curare-tipped darts, a scroll of butterflies, a +0 cloak, a
                  | scroll of fear, a +0 leather armour.
     0 | D:1      | Reached XP level 1. HP: 17/17 MP: 1/1
   160 | D:1      | Reached XP level 2. HP: 22/23 MP: 2/2
   515 | D:1      | Reached XP level 3. HP: 28/28 MP: 3/3
   803 | D:2      | Identified the +0 pair of gloves of the Sufficient God {rC+
                  | rCorr Str-5 Dex+5}
  1066 | D:2      | Reached skill level 1 in Invocations
  1093 | D:2      | Reached skill level 1 in Short Blades
  1093 | D:2      | Reached skill level 1 in Long Blades
  1093 | D:2      | Reached skill level 1 in Axes
  1093 | D:2      | Reached skill level 1 in Maces & Flails
  1093 | D:2      | Reached skill level 1 in Polearms
  1093 | D:2      | Reached skill level 1 in Staves
  1093 | D:2      | Reached skill level 1 in Ranged Weapons
  1093 | D:2      | Reached skill level 1 in Shields
  1093 | D:2      | Reached skill level 1 in Spellcasting
  1234 | D:2      | Reached XP level 4. HP: 34/34 MP: 5/5
  2092 | D:3      | Reached skill level 1 in Conjurations
  2092 | D:3      | Reached skill level 1 in Hexes
  2092 | D:3      | Reached skill level 1 in Summonings
  2092 | D:3      | Reached skill level 1 in Necromancy
  2092 | D:3      | Reached skill level 1 in Translocations
  2092 | D:3      | Reached skill level 1 in Transmutations
  2092 | D:3      | Reached skill level 1 in Fire Magic
  2092 | D:3      | Reached skill level 1 in Ice Magic
  2092 | D:3      | Reached skill level 1 in Air Magic
  2092 | D:3      | Reached skill level 1 in Earth Magic
  2092 | D:3      | Reached skill level 1 in Poison Magic
  2170 | D:3      | Reached XP level 5. HP: 34/40 MP: 5/7
  2565 | D:3      | Found a bloodstained altar of Trog.
  3061 | D:4      | Noticed a black bear
  3167 | D:4      | Found a staircase to the Ecumenical Temple.
  3175 | Temple   | Entered the Ecumenical Temple
  3230 | Temple   | Became a worshipper of Cheibriados the Contemplative
  3231 | Temple   | Identified a scroll of acquirement
  3232 | Temple   | Acquired Great Wizards, Vol. II
  3301 | D:4      | Killed a black bear
  3302 | D:4      | Reached skill level 5 in Armour
  3302 | D:4      | Reached XP level 6. HP: 39/47 MP: 7/9
  3483 | D:4      | Noticed Edmund
  3542 | D:4      | Killed Edmund
  3903 | D:4      | Reached skill level 7 in Throwing
  3903 | D:4      | Reached XP level 7. HP: 47/52 MP: 10/10
  4133 | D:5      | Entered Level 5 of the Dungeon
  4141 | D:5      | Found Rusotz's Jewellery Shoppe.
  4370 | D:5      | Reached * piety under Cheibriados
  5185 | D:6      | Killed from afar by an orc priest

Illustrated notes

Levels and vault maps discovered:
D:1:      amcnicky_arrival_abandoned_market, layout_loops_ring, st_stairs_9,
          nicolae_kite_square_tiling_tiny
D:2:      wad_river_or_something, layout_loops_ring
D:3:      layout_loops_corners, trog_butcher_becter
D:4:      layout_rooms, minmay_temple_entry_junction, uniq_edmund
D:5:      cheibrodos_helix_gallery, layout_cave_pools, serial_co_window_serial,
          co_window_corner_a, co_window_paths_a, co_window_paths_b,
          co_window_paths_b, co_window_of_opportunity_a, co_window_2corner,
          co_window_of_opportunity_c, co_window_corner_cb,
          co_window_of_opportunity_c, co_window_paths_c, co_window_2corner,
          co_window_4corner_a, co_window_paths_d, glass_columns_a,
          glass_columns_c, serial_shops, shop
D:6:      kennysheep_windowed_halls, layout_loops_ring, grunt_ministairs_8,
          minivault_4, minmay_misc_feat_four_crosses
Temple:   dpeg_three_leaves_temple

Skill      XL: |  1  2  3  4  5  6  7 |
---------------+----------------------+-----
Invocations    | 1 2 3 |  3.1
Short Blades   | 1 2 |  2.8
Long Blades    | 1 2 |  2.8
Axes           | 1 2 |  2.8
Maces & Flails | 1 2 |  2.8
Polearms       | 1 2 |  2.8
Staves         | 1 2 |  2.8
Ranged Weapons | 1 2 |  2.8
Shields        | 1 2 |  2.8
Spellcasting   | 1 2 |  2.8
Conjurations   | 1 2 |  2.3
Hexes          | 1 2 |  2.3
Summonings     | 1 2 |  2.3
Necromancy     | 1 2 |  2.3
Translocations | 1 2 |  2.3
Transmutations | 1 2 |  2.3
Fire Magic     | 1 2 |  2.3
Ice Magic      | 1 2 |  2.3
Air Magic      | 1 2 |  2.3
Earth Magic    | 1 2 |  2.3
Poison Magic   | 1 2 |  2.3
Fighting       | 3 |  3.9
Dodging        | 3 |  3.9
Unarmed Combat | 3 |  3.9
Evocations     | 3 |  3.9
Armour         | 5 |  5.4
Stealth        | 3 |  3.7
Throwing       | 7 |  7.2

Action                   |  1- 3 |  4- 6 |  7- 9 || total
-------------------------+-------+-------+-------++-------
Melee: Whip              |    81 |   145 |     3 ||   229
       Dagger            |     5 |       |       ||     5
       Bite              |     7 |    15 |    10 ||    32
       Punch             |     4 |     4 |     2 ||    10
       Spear             |       |       |    61 ||    61
Throw: Stone             |     7 |       |    13 ||    20
       Dart              |       |    10 |     2 ||    12
  Use: Scroll            |       |     8 |     1 ||     9
 Stab: Sleeping          |     1 |       |       ||     1
Armor: Ring mail         |    20 |       |       ||    20
       Scale mail        |    22 |    27 |       ||    49
       Plate armour      |       |    54 |    44 ||    98
       Chain mail        |       |     5 |       ||     5
Dodge: Dodged            |    52 |    59 |    18 ||   129
